AoeStats
← Benn 様

Nomad

505494265Analyzed
3v3 RM · 21d ago on Sep 9, 2026· 33m 54s· 6 players
Game mode
Random Map
Map size
210×210
Population
200
Speed
Normal
Resources
Standard
Victory
Conquest
Starting age
Dark Age
Ending age
Imperial Age
RankedLock teamsTeams togetherTeam positionsShared explorationLock speedFull tech treeHidden civsTurbo modeCheats
Victory
Defeat
🇮🇳 Dravidians · India
629
+14
🇫🇮 Tatars · Finland
585
+16
🇪🇸 Franks · Spain
566
+16
🇨🇱 Celts · Chile
675
-19
🇧🇷 Spanish · Brazil
535
-14
🇮🇳 Portuguese · India
523
-13
Olen Mursu
15:06 Feudal Age
17:50 Stone Mining
20:07 Horse Collar
21:29 Wheelbarrow
22:25 Gold Mining
28:03 Castle Age
29:59 Town Watch
30:30 Hand Cart
30:01 Loom
david20021008
3:15 Loom
16:19 Feudal Age
17:48 Wheelbarrow
17:04 Double-Bit Axe
20:08 Town Watch
20:28 Fishing Lines
21:13 Gold Mining
21:14 Stone Mining
22:43 Man-at-Arms
26:27 Castle Age
27:17 Gambesons
30:37 Gold Shaft Mining
30:42 Hand Cart
32:42 Ballistics
34:13 #83
Lex Occultus
6:28 Loom
16:50 Feudal Age
18:20 Double-Bit Axe
27:16 Castle Age
27:17 Fletching
27:59 Horse Collar
28:04 Pikeman
29:42 Squires
29:53 Thumb Ring
30:45 Forging
30:30 Bodkin Arrow
31:32 Wheelbarrow
33:11 Bow Saw
Benn 様
21:26 Feudal Age
21:52 Double-Bit Axe
24:39 Man-at-Arms
satncat
22:26 Feudal Age
25:21 Fishing Lines
26:13 Double-Bit Axe
25:58 Man-at-Arms
31:51 Castle Age
STIVE_0_TRATOR
15:57 Feudal Age
17:36 Wheelbarrow
18:27 Fishing Lines
19:49 Double-Bit Axe
26:34 Castle Age
25:33 Gold Mining
26:59 Loom
27:17 Horse Collar
28:10 Stone Mining
27:56 Pikeman
30:52 Forging
30:44 Padded Archer Armor
32:05 Hand Cart
Connection lost

Rejoining the realm…

Still unreachable

The connection could not be restored.

Session expired

The server has moved on; the page needs a fresh start.